 Dungeon Crawl Stone Soup version 0.20.1-1-g8b1a95d66d (webtiles) character file.

220 NullDivider the Sneak (level 5, -11/35 HPs)
             Began as a Vampire Necromancer on Dec 5, 2017.
             Killed by divine providence
             ... invoked by an orc priest
              (15 damage)
             ... on level 2 of the Dungeon.
             The game lasted 00:18:17 (6441 turns).

NullDivider the Sneak (Vampire Necromancer)         Turns: 6441, Time: 00:18:18

Health: -11/35     AC:  2    Str:  7    XL:     5   Next: 64%
Magic:  0/9        EV: 13    Int: 18    God:
Gold:   151        SH:  0    Dex: 15    Spells: 0/9 levels left

rFire    . . .     SeeInvis +     - Unarmed
rCold    + + .     Gourm    .   (no shield)
rNeg     + + +     Faith    .   a - +0 robe
rPois    ∞         Spirit   .   (no helmet)
rElec    .         Reflect  .   (no cloak)
rCorr    .         Harm     .   (no gloves)
MR       .....                  (no boots)
Stlth    +++++.....             (no amulet)
Regen    0.0/turn               (no ring)
MPRegen  0.2/turn               (no ring)

@: bloodless, non-regenerating
A: fangs 3, see invisible, unbreathing
a: Bat Form


You were on level 2 of the Dungeon.
You were bloodless.

You visited 1 branch of the dungeon, and saw 3 of its levels.

You collected 151 gold pieces.

Inventory:

Armour
 a - a +0 robe (worn)
Jewellery
 l - an uncursed ring of ice {unknown}
Scrolls
 d - 4 scrolls of teleportation {unknown}
 g - 2 scrolls of blinking {unknown}
 h - 3 scrolls of identify {unknown}
 i - a scroll of enchant weapon {unknown}
 j - a scroll of amnesia {unknown}
 k - a scroll of immolation {unknown}
 m - 2 scrolls of enchant armour {unknown}
 o - 2 scrolls of random uselessness {unknown}
 p - a scroll of noise {unknown}
Potions
 c - 10 potions of blood
 e - a potion of curing {unknown}
 n - a potion of brilliance {unknown}
Books
 b - a book of Necromancy

   Spells                             Type                      Level
   a - Pain                           Necromancy                   1
   b - Animate Skeleton               Necromancy                   1
   c - Vampiric Draining              Necromancy                   3
   d - Regeneration                   Charms/Necromancy            3
   e - Animate Dead                   Necromancy                   4
   f - Control Undead                 Necromancy                   4


   Skills:
 + Level 3.0 Dodging
 + Level 5.4 Stealth
 + Level 2.2 Unarmed Combat
 + Level 2.9 Spellcasting
 + Level 5.4 Necromancy


You couldn't memorise any spells.
You knew the following spells:

 Your Spells              Type           Power        Failure   Level  Hunger
a - Pain                  Necr           ###.         1%          1    None
b - Vampiric Draining     Necr           ###.......   5%          3    ###....
c - Control Undead        Necr           ###.......   19%         4    ####...
d - Animate Skeleton      Necr           N/A          1%          1    None


Dungeon Overview and Level Annotations

Branches:
Dungeon (3/15)

Altars:
Gozag
Xom
Yredelemnul
The Shining One


Innate Abilities, Weirdness & Mutations

You do not heal naturally.
You are immune to poison.
You have razor-sharp teeth.
You have supernaturally acute eyesight. (SInv)
You can survive without breathing.


Message History

The orc priest is severely wounded.
The orc priest hits you.
* * * LOW HITPOINT WARNING * * *
There is a stone staircase leading up here.
The orc priest barely misses you.
You climb upwards.
A kobold comes into view. It is wielding a dagger.
There is a stone staircase leading down here.
Casting: Pain
Confirm with . or Enter, or press ? or * to list all spells.
Aiming: Pain
Press: ? - help, Shift-Dir - straight line, f - orc priest
Aim: an orc priest, wearing a scale mail (severely wounded, chance to defeat MR: 81%)
The orc priest writhes in agony!
The kobold throws a stone.
The stone closely misses you. The orc priest closely misses you.
It was a potion of cancellation.
You feel magically purged.
The kobold throws a stone.
The stone barely misses you.
The orc priest invokes the aid of Beogh against you.
Beogh smites you!
You die...

#.....#### #......# #.###
#.# #_.⌠.##..#
###..####### #.#
#..%.#.#.# #K.#...# #.#
##..##.#.#####.)#...# #.#
#####..#........#...# #.#
#'#.####.....#...#######.#
#.#....'....)....'.......#
#.######.....#o..#########
#............@####
#........###### #........#
#........# #......###
####......# ..........#
###########


You could see an orc priest and a kobold.

Vanquished Creatures
  An ogre (D:1)
  An orc wizard (D:3)
  2 adders
  2 oozes (D:1)
  3 dart slugs (D:1)
  A leopard gecko (D:2)
  An orc (D:3)
  2 ball pythons
  9 bats
  2 giant cockroaches
  8 goblins
  11 hobgoblins
  9 jackals
  5 kobolds
  4 quokkas
  6 frilled lizards
  A goblin skeleton (D:2)
  A kobold zombie (D:2)
  3 rats (D:1)
72 creatures vanquished.

Notes
Turn   | Place    | Note
-------+----------+-------------------------------------------
     0 | D:1      | NullDivider the Vampire Necromancer began the quest for the Orb.
     0 | D:1      | Reached XP level 1. HP: 13/13 MP: 3/3
   248 | D:1      | Reached XP level 2. HP: 19/19 MP: 3/5
  1344 | D:1      | Reached XP level 3. HP: 16/24 MP: 2/6
  1711 | D:2      | Learned a level 3 spell: Vampiric Draining
  1719 | D:2      | Reached skill level 1 in Unarmed Combat
  2007 | D:2      | Found a runed door.
  2007 | D:2      | Noticed a human
  2016 | D:2      | Found a basalt altar of Yredelemnul.
  2682 | D:1      | Noticed an ogre
  2692 | D:1      | Killed an ogre
  2692 | D:1      | Reached skill level 5 in Stealth
  2692 | D:1      | Reached skill level 5 in Necromancy
  2692 | D:1      | Reached XP level 4. HP: 22/30 MP: 0/8
  2692 | D:1      | Reached XP level 5. HP: 25/35 MP: 0/9
  4033 | D:2      | Found a glowing golden altar of the Shining One.
  4040 | D:2      | Found an opulent altar of Gozag.
  4399 | D:2      | Found a shimmering altar of Xom.
  5576 | D:3      | Learned a level 4 spell: Control Undead
  6273 | D:3      | Learned a level 1 spell: Animate Skeleton
  6441 | D:2      | Killed from afar by an orc priest

Skill      XL: |  1  2  3  4  5 |
---------------+----------------+-----
Stealth        | 4 5 |  5.4
Unarmed Combat | 1 2 |  2.2
Necromancy     | 5 |  5.4
Dodging        | 3 |  3.0
Spellcasting   | |  2.9

Action                   |  1- 3 |  4- 6 || total
-------------------------+-------+-------++-------
Melee: Unarmed           |    43 |   112 ||   155
       Bite              |     4 |    10 ||    14
 Cast: Pain              |    48 |    53 ||   101
       Vampiric Draining |     3 |    10 ||    13
 Abil: End Transformatio |     1 |     1 ||     2
       Bat Form          |     1 |     1 ||     2
  Use: Potion            |     2 |     7 ||     9
 Stab: Sleeping          |     3 |     5 ||     8
Armor: Robe              |    11 |    20 ||    31
Dodge: Dodged            |    48 |    85 ||   133
